 Dungeon Crawl Stone Soup version 0.19-a0-1714-gcab94ab (webtiles) character file.

1495 st0uf the Skirmisher (level 8, -18/78 HPs)
             Began as a Naga Fighter on Sept 28, 2016.
             Demolished by an orc warrior
             ... wielding a +0 dire flail
              (21 damage)
             ... on level 6 of the Dungeon.
             The game lasted 00:19:19 (4678 turns).

st0uf the Skirmisher (Naga Fighter)                 Turns: 4678, Time: 00:19:20

Health: -18/78     AC:  8    Str: 25    XL:     8   Next: 81%
Magic:  8/8        EV:  9    Int:  8    God:
Gold:   337        SH:  0    Dex: 12    Spells: 0 memorised, 7 levels left

rFire  . . .     SeeInvis +     B - +3 long sword
rCold  . . .     Gourm    .     b - +0 scale mail
rNeg   . . .     Faith    .     (no shield)
rPois  +         Spirit   .     (no helmet)
rElec  .         Dismiss  .     (no cloak)
rCorr  .         Reflect  .     j - +0 pair of gloves
MR     +....     Harm     .     (no barding)
Stlth  ..........               k - amulet of rage
                                (no ring)
                                (no ring)

@: mighty, short of breath, drained, very slow
A: see invisible, deformed body, poison resistance, slowness 2, slow metabolism
1, spit poison 1, AC +2
a: Spit Poison, Evoke Berserk Rage


You were on level 6 of the Dungeon.
You were not hungry.

You visited 1 branch of the dungeon, and saw 7 of its levels.

You collected 337 gold pieces.

Inventory:

Hand Weapons
 B - a +3 long sword (weapon)
Armour
 b - a +0 scale mail (worn)
 c - a +0 shield
 j - a +0 pair of gloves (worn)
Jewellery
 k - an amulet of rage (around neck)
 t - an uncursed ring of stealth {unknown}
 y - a +2 amulet of reflection {unknown}
Wands
 u - a wand of slowing (31/48)
Scrolls
 e - 4 scrolls of identify {unknown}
 h - a scroll of enchant armour {unknown}
 i - 2 scrolls of noise {unknown}
 l - 2 scrolls of remove curse {unknown}
 m - a scroll of immolation {unknown}
 s - 2 scrolls of fog {unknown}
 v - 4 scrolls of teleportation {unknown}
 w - 2 scrolls of random uselessness {unknown}
 x - a scroll of amnesia {unknown}
Potions
 g - a potion of magic {unknown}
 n - a potion of degeneration {unknown}
 q - 2 potions of curing {unknown}
 r - a potion of lignification {unknown}
 z - a potion of flight {unknown}
Comestibles
 a - 10 chunks of flesh
 f - 2 bread rations
 o - 3 meat rations
 p - a slice of pizza


   Skills:
 * Level 6.3(6.0) Fighting
 * Level 5.8(5.4) Long Blades
 + Level 4.1(3.8) Armour
 + Level 3.4(3.0) Dodging
 + Level 4.0(3.7) Shields


You had 7 spell levels left.
You didn't know any spells.

Dungeon Overview and Level Annotations

Branches:
Dungeon (7/15)
 Temple: D:4-7

Altars:
Dithmenos


Innate Abilities, Weirdness & Mutations

You cannot wear boots.
Your serpentine skin is tough. (AC +2)
You have supernaturally acute eyesight. (SInv)
Armour fits poorly on your strangely shaped body.
Your system is resistant to poisons. (rPois)
You cover ground very slowly.
You have a slow metabolism.
You can spit poison.


Message History

The orc warrior hits you with a dire flail!
You barely miss the orc warrior.
The orc warrior hits you with a dire flail!
The orc warrior hits you with a dire flail!!
* * * LOW HITPOINT WARNING * * *
You feel very mighty all of a sudden.
You completely miss the orc warrior.
You have got your breath back.
The orc warrior closely misses you.
You riposte.
You barely miss the orc warrior.
Press: ? - help, Shift-Dir - straight line, f/p - orc warrior
Aim: an orc warrior, wielding a dire flail and wearing a plate armour The splash of poison hits the orc warrior.
The orc warrior appears unharmed.
You feel slightly more hungry.
The orc warrior hits you with a dire flail!
* * * LOW HITPOINT WARNING * * *
You slash the orc warrior!
The orc warrior is heavily wounded.
The orc warrior hits you with a dire flail!!
You die...

......#.....#...#...#
......#.....#...#...#
#######.....#####...#
#....#....#######...#
.....'....#.........#
.....#....'.........#
######....#+###'##+###
#.................#
#............@....#
#............o..<.#
#.................#
######....###'########
.....#....#......#
.....#....#......#
#....#....#...########
#....#....#...#......#
.....#....#...#......#


You could see an orc warrior.

Vanquished Creatures
  A black bear (D:6)
  2 phantoms
  A wasp (D:4)
  2 ogres
  2 bullfrogs
  3 wights (D:6)
  A howler monkey (D:3)
  2 crimson imps
  2 centaur skeletons (D:5)
  3 hounds
  3 orc priests
  Ijyb (D:4)
  An iguana (D:4)
  2 orc wizards (D:5)
  5 worker ants
  A killer bee zombie (D:6)
  A hound zombie (D:5)
  A worker ant zombie (D:6)
  3 adders
  A shadow imp (D:6)
  An ooze (D:1)
  An adder zombie (D:6)
  4 worms
  A dart slug (D:3)
  4 leopard geckos
  11 orcs
  5 bats
  A giant cockroach (D:4)
  9 goblins
  3 hobgoblins
  11 jackals
  2 quokkas
  2 ball pythons (D:4)
  2 frilled lizards (D:3)
  2 kobolds (D:3)
  A leopard gecko zombie (D:6)
98 creatures vanquished.

Notes
Turn   | Place    | Note
-------+----------+-------------------------------------------
     0 | D:1      | st0uf the Naga Fighter began the quest for the Orb.
     0 | D:1      | Reached XP level 1. HP: 21/21 MP: 1/1
   101 | D:1      | Reached XP level 2. HP: 24/28 MP: 2/2
   236 | D:5      | Entered Level 5 of the Dungeon
   247 | D:5      | Reached XP level 3. HP: 19/34 MP: 3/3
   421 | D:4      | Reached XP level 4. HP: 6/43 MP: 4/4
   740 | D:3      | Reached skill level 1 in Dodging
   954 | D:3      | Reached XP level 5. HP: 36/50 MP: 5/5
   997 | D:3      | Reached skill level 4 in Fighting
  1342 | D:4      | Noticed a phantom
  1907 | D:4      | Noticed a wasp
  1918 | D:4      | Killed a wasp
  1918 | D:4      | Reached XP level 6. HP: 22/58 MP: 6/6
  2214 | D:4      | Killed a phantom
  2239 | D:4      | Reached XP level 7. HP: 53/66 MP: 7/7
  2307 | D:4      | Noticed Ijyb
  2340 | D:4      | Killed Ijyb
  2568 | D:4      | Found a shadowy altar of Dithmenos.
  2678 | D:4      | Reached skill level 5 in Fighting
  3381 | D:5      | Reached skill level 5 in Long Blades
  3381 | D:5      | Reached XP level 8. HP: 48/75 MP: 8/8
  4061 | D:6      | Reached skill level 6 in Fighting
  4677 | D:6      | HP: 3/78 [orc warrior/dire flail (11)]
  4678 | D:6      | Demolished by an orc warrior

Vault maps used:
D:1:      tarquinn_simple_flora_water_a
D:2:      minmay_divided_ellipse
D:3:      first_bread, grunt_ministairs_7, kennysheep_generic_room_7
D:4:      kennysheep_goblin_castle, grunt_dithmenos_smoke
D:7:      grunt_ogre_cave, minmay_the_grid_plus_closed

Skill      XL: |  1  2  3  4  5  6  7  8 |
---------------+-------------------------+-----
Dodging        | 1 2 3 |  3.4
Long Blades    | 3 4 5 |  5.8
Fighting       | 4 5 6 |  6.3
Armour         | 3 4 |  4.1
Shields        | 3 4 |  4.0

Action                   |  1- 3 |  4- 6 |  7- 9 || total
-------------------------+-------+-------+-------++-------
Melee: Long sword        |    32 |   109 |   243 ||   384
 Abil: Spit Poison       |    13 |    41 |    39 ||    93
  Use: Potion            |       |       |     1 ||     1
  Eat: Chunk             |       |     5 |    10 ||    15
Armor: Scale mail        |    23 |    51 |   128 ||   202
Dodge: Dodged            |    16 |    58 |    99 ||   173
